 Dungeon Crawl Stone Soup version 0.31-a0-1301-g7e11add784 (webtiles) character file.

Game seed: 1635192490502103659

13922 Bnni the Geomancer (level 12, -2/96 HPs)
             Began as a Formicid Earth Elementalist on Dec 19, 2023.
             Was a High Priest of Cheibriados.
             Slain by a cyan ugly thing (17 damage)
             ... on level 11 of the Dungeon on Dec 20, 2023.
             The game lasted 00:33:09 (11159 turns).

Bnni the Geomancer (Formicid Earth Elementalist)   Turns: 11159, Time: 00:33:10

Health: -2/96      AC: 16    Str: 24    XL:     12   Next: 38%
Magic:  11/21      EV: 16    Int: 31    God:    Cheibriados [*****.]
Gold:   518        SH: 14    Dex: 25    Spells: 9/23 levels left

rFire   . . .        C - +7 staff of the Meek {protect, meekguard}
rCold   + . .        B - +1 kite shield {reflect}
rNeg    . . .        a - +3 ring mail {rC+}
rPois   .            (helmet unavailable)
rElec   .            (no cloak)
rCorr   .            I - +0 pair of gloves
SInv    +            j - +0 pair of boots {Stlth+}
Will    +....        w - amulet of faith
Stlth   +++          c - +4 ring of protection
HPRegen 0.36/turn    y - +5 ring of evasion
MPRegen 0.17/turn

%: reflection, faith
@: invisible, very slow
A: permanent stasis, dig shafts and tunnels, antennae 3, four strong arms
a: Dig, Shaft Self, Renounce Religion, Bend Time, Temporal Distortion, Slouch,
Step From Time


You were on level 11 of the Dungeon.
You worshipped Cheibriados.
Cheibriados was extremely pleased with you.
You visited 2 branches of the dungeon, and saw 12 of its levels.

You collected 743 gold pieces.
You spent 225 gold pieces at shops.

Inventory:

Hand Weapons
 t - the +7 quarterstaff of Revolt {venom, rN+ Int+3 Stlth+}
   (You found it on level 9 of the Dungeon)

   Int+3:     It affects your intelligence (+3).
   rN+:       It protects you from negative energy.
   Stlth+:    It makes you more stealthy.
 C - the +7 staff of the Meek (weapon) {protect, meekguard}
   (You found it on level 7 of the Dungeon)
Missiles
 u - 3 throwing nets
Armour
 a - a +3 ring mail of cold resistance (worn)
 j - a +0 pair of boots of stealth (worn)
 B - a +1 kite shield of reflection (worn)
 I - a +0 pair of gloves (worn)
Magical Staves
 A - a staff of conjuration
Jewellery
 c - a +4 ring of protection (left hand)
 g - a ring of positive energy
 w - an amulet of faith (around neck)
 y - a +5 ring of evasion (right hand)
 z - a ring of poison resistance
 H - an amulet of regeneration
Wands
 o - a wand of mindburst (16)
 p - a wand of polymorph (15)
 D - a wand of flame (16)
 E - a wand of digging (6)
Scrolls
 e - 5 scrolls of revelation
 h - 4 scrolls of teleportation {unknown}
 l - 3 scrolls of enchant armour
 m - 2 scrolls of amnesia
 q - 2 scrolls of enchant weapon
 s - a scroll of fog
 x - a scroll of fear
 F - 2 scrolls of immolation
 G - 3 scrolls of poison
Potions
 b - 2 potions of magic
 f - a potion of enlightenment
 i - 3 potions of might
 k - a potion of attraction
 n - a potion of heal wounds
 r - 2 potions of lignification


   Skills:
 + Level 9.4 Fighting
 + Level 7.9 Armour
 - Level 1.7 Dodging
 - Level 2.4 Stealth
 + Level 8.3 Shields
 - Level 6.0 Spellcasting
 - Level 5.0 Conjurations
 - Level 2.0 Transmutations
 - Level 12.0 Earth Magic
 * Level 8.2 Invocations


You had 9 spell levels left.
You knew the following spells:

 Your Spells              Type           Power      Damage    Failure   Level
a - Sandblast             Erth           100%       2d20      1%          1
b - Passwall              Tmut/Erth      42%        N/A       1%          2
c - Stone Arrow           Conj/Erth      100%       3d13      1%          3
d - Brom's Barrelling Bo  Conj/Erth      58%        2d7       4%          4
e - Petrify               Tmut/Erth      51%        N/A       8%          4

Your spell library contained the following spells:

 Spells                   Type           Power      Damage    Failure   Level
 Necrotise                Necr           36%        1d5       13%         1
 Vampiric Draining        Necr           9%         2d6       36%         3
 Manifold Assault         Tloc           9%         N/A       78%         4
 Agony                    Necr           9%         N/A       98%         5
 Conjure Ball Lightning   Conj/Air       12%        3x3d6     100%        6
 Dispersal                Tloc           4%         N/A       100%        6
 Discord                  Hex            4%         N/A       100%        8
 Disjunction              Tloc           4%         N/A       100%        8


Dungeon Overview and Level Annotations

Branches:
Dungeon (11/15)            Temple (1/1) D:6            Lair (0/5) D:9
    Orc: D:9-12

Altars:
Ashenzari
Cheibriados
Dithmenos
Elyvilon
Fedhas
Gozag
Hepliaklqana
Kikubaaqudgha
Makhleb
Nemelex Xobeh
Okawaru
Qazlal
Ru
Sif Muna
Trog
Uskayaw
Vehumet
Wu Jian
Xom
Yredelemnul
Zin
The Shining One

Shops:
D:3 [   D:6 [   D:8 ?[


Innate Abilities, Weirdness & Mutations

You cannot be hasted, slowed, berserked, paralysed or teleported.
You can dig through walls and to a lower floor.
You have a pair of large antennae on your head. (SInv)
Your four strong arms can wield two-handed weapons with a shield.


Message History

The komodo dragon hisses angrily.
The cyan ugly thing barely misses you. You block the cyclops's attack.
Unknown command.
Aiming: Sandblast (safe; 1% risk of failure)
Press: ? - help, Q - select action, (/) - cycle Shift-Dir - straight line, f/p - cyan ugly thing
Aim: a cyan ugly thing (heavily wounded, slow, 85% to hit)
The blast of sand hits the cyan ugly thing!
The cyan ugly thing is severely wounded.
The cyan ugly thing completely misses you.
Aiming: Sandblast (safe; 1% risk of failure)
Press: ? - help, Q - select action, (/) - cycle Shift-Dir - straight line, f/p - cyan ugly thing
Aim: a cyan ugly thing (severely wounded, slow, 85% to hit)
The blast of sand hits the cyan ugly thing.
The cyan ugly thing is severely wounded.
The cyan ugly thing closely misses you. The komodo dragon bites you.
You block the cyclops's attack.
You sock the komodo dragon!
Your weapon exudes an aura of protection.
The komodo dragon is moderately wounded.
You block the komodo dragon's attack.
The cyan ugly thing punches you but does no damage.
The komodo dragon bites you but does no damage.
Unknown command.
Aiming: Sandblast (safe; 1% risk of failure)
Press: ? - help, Q - select action, (/) - cycle Shift-Dir - straight line, f/p - cyan ugly thing
Aim: a cyan ugly thing (severely wounded, slow, 85% to hit)
The blast of sand hits the cyan ugly thing.
The cyan ugly thing is almost dead.
You block the cyan ugly thing's attack. You block the komodo dragon's attack.
The cyclops hits you!!
* * * LOW HITPOINT WARNING * * *
An unseen horror comes into view.
Unknown command.
You fade into invisibility!
The cyan ugly thing misses you. You block the komodo dragon's attack.
Unknown command.
The komodo dragon misses you. The cyan ugly thing punches you.
* * * LOW HITPOINT WARNING * * *
The cyan ugly thing shocks you!
You die...

#.....#######....###
#.....### #....#
#.......# #....#
#.......# #....#
#.......# #....#
##......# #....#
#......# #....#
#......# ######
#.@u#### #.Cl....$.
#.........
#.........
#.........
..........
...........
..x........


You could see a cyan ugly thing (unable to see you, slow), a cyclops (unable to
see you, slow), a komodo dragon (unable to see you) and an unseen horror
(wandering, invisible).

Vanquished Creatures
  Harold (D:9)
  3 two-headed ogres
  The ghost of aspa the Thaumaturge, a novice OpHW of Vehumet (D:7)
  Joseph (D:10)
  A gargoyle (D:11)
  A komodo dragon (D:10)
  3 trolls
  2 shadows
  Sigmund (D:3)
  26 yaks
  Eustachio (D:4)
  Menkaure (D:4)
  An acid dragon (D:9)
  2 water moccasins (D:8)
  4 orc warriors
  A black bear (D:6)
  3 ice beasts
  4 ogres
  3 centaurs
  A lemure (D:9)
  4 kobold brigands
  A phantom (D:5)
  6 bullfrogs
  3 scorpions
  8 wights
  Dowan (D:4)
  14 killer bees
  3 howler monkeys
  6 electric eels (D:10)
  A gnoll bouda (D:7)
  9 hounds
  2 jellies
  5 orc priests
  5 iguanas
  2 sleepcaps
  Ijyb (D:4)
  Natasha (D:4)
  7 orc wizards
  10 adders
  10 gnolls
  4 white imps
  5 worms
  A dart slug (D:4)
  36 orcs
  6 ball pythons
  9 bats
  9 endoplasms
  3 giant cockroaches
  13 goblins
  10 hobgoblins
  21 kobolds
  3 quokkas
  2 frilled lizards (D:2)
  9 rats
291 creatures vanquished.

Notes
Turn   | Place    | Note
-------+----------+-------------------------------------------
     0 | D:1      | Bnni the Formicid Earth Elementalist began the quest for
                  | the Orb.
     0 | D:1      | Reached XP level 1. HP: 13/13 MP: 3/3
    79 | D:1      | Reached XP level 2. HP: 20/20 MP: 1/5
   307 | D:1      | Reached skill level 4 in Earth Magic
   763 | D:2      | Reached XP level 3. HP: 25/25 MP: 4/6
   769 | D:2      | Reached skill level 1 in Fighting
   772 | D:2      | Learned a level 2 spell: Passwall
   776 | D:2      | Learned a level 3 spell: Stone Arrow
  1007 | D:2      | Reached XP level 4. HP: 28/32 MP: 1/7
  1291 | D:2      | Reached skill level 5 in Earth Magic
  1610 | D:3      | Reached XP level 5. HP: 37/38 MP: 6/9
  1831 | D:3      | Noticed Sigmund
  1834 | D:3      | Killed Sigmund
  1835 | D:3      | Reached skill level 6 in Earth Magic
  1835 | D:3      | Reached XP level 6. HP: 37/46 MP: 6/11
  1969 | D:3      | Found Jutt's Antique Armour Shoppe.
  2029 | D:3      | Learned a level 4 spell: Brom's Barrelling Boulder
  2046 | D:3      | Found an iron altar of Okawaru.
  2063 | D:3      | Identified the +2 spear of Nimo {speed, rC- rN++ Int+3}
  2872 | D:4      | Reached XP level 7. HP: 52/52 MP: 9/12
  2952 | D:4      | Reached skill level 1 in Conjurations
  3038 | D:4      | Noticed Eustachio
  3046 | D:4      | Killed Eustachio
  3047 | D:4      | Reached skill level 7 in Earth Magic
  3144 | D:4      | Noticed Natasha
  3147 | D:4      | Killed Natasha
  3725 | D:4      | Noticed Dowan
  3726 | D:4      | Noticed Duvessa
  3727 | D:4      | Duvessa changed into Duvessa the rat
  3727 | D:4      | Noticed Duvessa
  3731 | D:4      | Killed Duvessa the rat
  3736 | D:4      | Killed Dowan
  3893 | D:4      | Noticed Ijyb
  3900 | D:4      | Killed Ijyb
  4232 | D:4      | Noticed Menkaure
  4235 | D:4      | Killed Menkaure
  4236 | D:4      | Reached XP level 8. HP: 60/60 MP: 10/14
  4401 | D:5      | Entered Level 5 of the Dungeon
  4613 | D:5      | Reached skill level 8 in Earth Magic
  5061 | D:5      | Reached XP level 9. HP: 56/66 MP: 8/16
  5066 | D:5      | Learned a level 4 spell: Petrify
  5289 | D:5      | Found a white marble altar of Elyvilon.
  5344 | D:6      | Reached skill level 5 in Spellcasting
  5372 | D:6      | Found a bloodstained altar of Trog.
  5373 | D:6      | Found a radiant altar of Vehumet.
  5374 | D:6      | Found a burning altar of Makhleb.
  5403 | D:6      | Reached skill level 9 in Earth Magic
  5456 | D:6      | Reached skill level 5 in Fighting
  5456 | D:6      | Reached skill level 1 in Armour
  5565 | D:6      | Reached skill level 5 in Conjurations
  5840 | D:6      | Found a staircase to the Ecumenical Temple.
  5853 | Temple   | Entered the Ecumenical Temple
  5981 | D:6      | Found Runauhat's Armour Emporium.
  5994 | D:6      | Reached skill level 10 in Earth Magic
  6148 | D:6      | Found a snail-covered altar of Cheibriados.
  6150 | D:6      | Found a broken altar of Ashenzari.
  6152 | D:6      | Found a hide-covered altar of Uskayaw.
  6152 | D:6      | Found a glowing golden altar of the Shining One.
  6157 | D:6      | Became a worshipper of Cheibriados the Contemplative
  6506 | D:7      | Found a runed translucent gate.
  6506 | D:7      | Noticed a troll
  6510 | D:7      | Reached skill level 1 in Invocations
  6510 | D:7      | Reached XP level 10. HP: 76/76 MP: 16/18
  6510 | D:7      | Found a runed translucent gate.
  6701 | D:6      | Bought a +1 kite shield of reflection for 135 gold pieces
  6726 | D:7      | Found a runed translucent gate.
  6732 | D:7      | Noticed aspa's ghost (novice OpHW)
  6863 | D:7      | Reached skill level 1 in Shields
  7420 | D:7      | Reached * piety under Cheibriados
  7499 | D:7      | Found the +7 staff of the Meek {protect, meekguard}
  7676 | D:7      | Killed aspa's ghost
  7677 | D:7      | Reached skill level 11 in Earth Magic
  7869 | D:8      | Found Hed Raen's Antique Armour Boutique.
  8249 | D:8      | Reached ** piety under Cheibriados
  8319 | D:8      | Identified the +5 falchion "Wifisch" {flame, ^Drain rPois
                  | Stlth+}
  8384 | D:8      | Found an opulent altar of Gozag.
  8491 | D:8      | Found Cozxio Cyce's Magic Scroll Shoppe.
  8495 | D:8      | Bought a scroll of identify for 30 gold pieces
  8495 | D:8      | Bought a scroll of amnesia for 60 gold pieces
  8608 | D:9      | Noticed Harold
  8673 | D:9      | Identified the +7 quarterstaff of Revolt {venom, rN+ Int+3
                  | Stlth+}
  8729 | D:9      | Reached XP level 11. HP: 84/84 MP: 12/20
  8733 | D:9      | Reached *** piety under Cheibriados
  8939 | D:9      | Killed Harold
  8940 | D:9      | Reached skill level 5 in Armour
  8940 | D:9      | Reached skill level 12 in Earth Magic
  8940 | D:9      | Reached skill level 5 in Invocations
  8978 | D:9      | Reached skill level 5 in Shields
  9182 | D:9      | Noticed a two-headed ogre
  9187 | D:9      | Killed a two-headed ogre
  9321 | D:9      | Found a sacrificial altar of Ru.
  9364 | D:9      | Found a staircase to the Lair.
  9468 | D:9      | Reached **** piety under Cheibriados
  9688 | D:10     | Entered Level 10 of the Dungeon
  9693 | D:10     | Noticed a two-headed ogre
  9698 | D:10     | Killed a two-headed ogre
  9959 | D:10     | Noticed a two-headed ogre
  9967 | D:10     | Killed a two-headed ogre
  9968 | D:10     | Reached XP level 12. HP: 83/94 MP: 17/21
 10254 | D:10     | Noticed Joseph
 10261 | D:10     | Killed Joseph
 10547 | D:10     | Reached ***** piety under Cheibriados
 11159 | D:11     | Slain by a cyan ugly thing

Illustrated notes

Levels and vault maps discovered:
D:1:      dpeg_arrival_fog, layout_loops_cross, grunt_decor_cap,
          minmay_misc_feat_five
D:2:      cheibrodos_helix_gallery, layout_loops_ring, serial_bayou_pond_b
D:3:      layout_basic, okawaru_ov_weapons_minmay, serial_shops, shop,
          uniq_sigmund
D:4:      kennysheep_the_goblin_king, layout_basic, uniq_menkaure, uniq_duvessa,
          uniq_natasha, uniq_eustachio, uniq_ijyb
D:5:      layout_basic, general_overflow_altar, st_stairs_8
D:6:      layout_loops_ring, chequers_temple_overflow_statue_of_worship,
          nicolae_overflow_hidden_temple, minmay_temple_entry_waves,
          serial_shops, nicolae_take_the_stairs, wad_rectangle_vault
D:7:      layout_layer_cave, gammafunk_ghost_split, pf_guarded_unrand_meek
D:8:      layout_basic, nicolae_gozag_seed_capital, serial_shops,
          nicolae_shop_pleasant_corner_grove, shop, minmay_increasing_density
D:9:      layout_irregular_city, mainiacjoe_overflow_alcove_2, lair_entry_dummy,
          uniq_pikel, uniq_harold
D:10:     layout_basic, uniq_joseph
D:11:     layout_basic, orc_0_dummy
Temple:   grunt_temple_mini_profane

Skill      XL: |  1  2  3  4  5  6  7  8  9 10 11 12 |
---------------+-------------------------------------+-----
Earth Magic    | 4 5 6 7 8 10 11 12 | 12.0
Transmutations | 2 |  2.0
Fighting       | 1 2 3 4 5 7 8 9 |  9.4
Spellcasting   | 3 4 5 6 |  6.0
Conjurations   | 2 4 5 |  5.0
Armour         | 3 4 7 |  7.9
Invocations    | 1 4 7 8 |  8.2
Shields        | 4 7 8 |  8.3
Dodging        | |  1.7
Stealth        | |  2.4

Action                     |  1- 3 |  4- 6 |  7- 9 | 10-12 || total
---------------------------+-------+-------+-------+-------++-------
  Melee: Unarmed           |     8 |       |       |       ||     8
         Dagger            |    18 |    42 |       |       ||    60
         Club              |     2 |       |       |       ||     2
         Punch             |     1 |       |       |     1 ||     2
         War axe           |       |       |     6 |       ||     6
         Whip              |       |       |     5 |    16 ||    21
         Short sword       |       |       |    17 |     4 ||    21
         Quarterstaff      |       |       |       |   188 ||   188
   Cast: Sandblast         |    37 |    61 |   146 |   201 ||   445
         Stone Arrow       |       |       |       |     7 ||     7
 Invoke: Bend Time         |       |       |       |     1 ||     1
Ability: Dig               |       |       |     1 |     2 ||     3
         Shaft Self        |       |       |       |     1 ||     1
  Evoke: Wand              |       |       |     2 |       ||     2
    Use: Scroll            |       |       |     8 |    10 ||    18
         Potion            |       |       |       |     1 ||     1
   Stab: Sleeping          |     1 |       |     1 |     1 ||     3
 Armour: Robe              |    27 |    33 |    16 |       ||    76
         Ring mail         |       |       |    39 |   196 ||   235
  Dodge: Dodged            |    25 |    32 |    60 |   249 ||   366
  Block: Kite shield       |       |       |       |   208 ||   208
         Reflection        |       |       |       |    13 ||    13

Table legend: (Time is in decaauts)
 A = Elapsed time spent in this place.
 B = Non-inter-level travel time spent in this place.
 C = Inter-level travel time spent in this place.
 D = Time resting spent in this place.
 E = Time spent auto-exploring this place.
 F = Levels seen in this place.
 G = Mean time per level.
                   A        B        C        D        E       F      G
               +--------+--------+--------+--------+--------+-----+--------+
         Total |  13007 |  12553 |    454 |    773 |   9582 |  12 | 1083.9 |
       Dungeon |  13005 |  12551 |    454 |    773 |   9582 |  11 | 1182.3 |
        Temple |      1 |      1 |      0 |      0 |      0 |   1 |    1.0 |
               +--------+--------+--------+--------+--------+-----+--------+

Top non-repeatable levels by time:
    D:10: 1914 daAuts
     D:7: 1688 daAuts
     D:4: 1670 daAuts
     D:9: 1404 daAuts
     D:6: 1229 daAuts
     D:8: 1135 daAuts
     D:3: 1076 daAuts
     D:2: 963 daAuts
     D:5: 932 daAuts
     D:1: 767 daAuts
    D:11: 224 daAuts
  Temple: 1 daAuts
